 Dungeon Crawl Stone Soup version 0.18.1-47-g9310371 (console) character file.

33381 Kloppie the Bludgeoner (level 13, -7/130 HPs)
             Began as a Minotaur Berserker on June 22, 2016.
             Was a High Priest of Trog.
             Killed from afar by a lich (42 damage)
             ... with a poison arrow
             ... on level 2 of the Abyss.
             The game lasted 00:28:47 (13940 turns).

Kloppie the Bludgeoner (Minotaur Berserker)        Turns: 13940, Time: 00:28:48

Health: -7/130     AC: 18    Str: 22      XL:     13   Next: 36%
Magic:  12/12      EV:  8    Int:  2 (4)  God:    Trog [*****.]
Gold:   1103       SH:  2    Dex: 15      Spells: 0 memorised, 12 levels left

rFire  . . .     SeeInvis +     a - +1 dire flail (vamp)
rCold  . . .     Gourm    .     u - +0 plate armour
rNeg   + . .     Faith    .     (shield currently unavailable)
rPois  .         Spirit   .     (helmet restricted)
rElec  .         Dismiss  .     m - +2 cloak
rCorr  .         Reflect  +     (no gloves)
SustAt .         Harm     .     (no boots)
MR     .....                    E - +2 amulet of reflection
Stlth  ..........               w - ring of positive energy
                                t - ring of see invisible

@: lethally poisoned (-7 -> -37), about to teleport, drained, not resistant to
hostile enchantments, extremely unstealthy
A: retaliatory headbutt, horns 2
a: Berserk, Trog's Hand, Brothers in Arms, Burn Spellbooks, Renounce Religion


You were on level 2 of the Abyss.
You worshipped Trog.
Trog was extremely pleased with you.
You were not hungry.

You visited 2 branches of the dungeon, and saw 15 of its levels.
You visited the Abyss 1 time.
You also visited: Bailey.

You collected 1103 gold pieces.

Inventory:

Hand Weapons
 a - a +1 vampiric dire flail (weapon)
 f - a +5 flail of crushing
 r - a +3 antimagic great mace
 s - a +4 great mace of holy wrath
 D - a +1 flail of holy wrath
Armour
 m - a +2 cloak (worn)
 u - a +0 plate armour (worn)
Jewellery
 i - an uncursed ring of fire
 t - a ring of see invisible (left hand)
 w - a ring of positive energy (right hand)
 E - a +2 amulet of reflection (around neck)
 F - an uncursed ring of ice
 H - an uncursed ring of resist corrosion {unknown}
Wands
 j - a wand of acid (6/15)
 I - a wand of digging (24/24)
Scrolls
 b - a scroll of enchant weapon
 d - 6 scrolls of enchant armour
 g - 7 scrolls of identify
 h - 3 scrolls of fear
 k - 5 scrolls of remove curse
 n - 4 scrolls of magic mapping
 p - a scroll of teleportation
 y - 3 scrolls of recharging
 C - 2 scrolls of blinking
Potions
 e - 6 potions of curing
 l - 4 potions of flight
 o - a potion of ambrosia
 v - 2 potions of haste
 x - a potion of mutation
 A - a potion of heal wounds
 B - 4 potions of might
 J - 2 potions of brilliance
Comestibles
 c - 16 bread rations
 q - a slice of pizza
 z - 5 beef jerkies
 G - 9 meat rations


   Skills:
 + Level 16.3(15.5) Fighting
 + Level 16.9(16.1) Maces & Flails
 - Level 12.4(11.7) Armour
 - Level 3.7(3.1) Dodging


You had 12 spell levels left.
You didn't know any spells.

Dungeon Overview and Level Annotations

Branches:
Dungeon (9/15)             Temple (0/1) D:5            Lair (6/8) D:9
 Spider (0/4) Lair:5
  Swamp: Lair:3-6    Shoals: Lair:3-6     Slime: Lair:6-8       Orc: D:9-12

Altars:
Ashenzari
Kikubaaqudgha
Pakellas
Qazlal
Ru
Sif Muna
Vehumet
Xom

Shops:
D:9 [

Annotations:
Lair:1 exclusion: oklob plant


Innate Abilities, Weirdness & Mutations

You reflexively headbutt those who attack you in melee.
You have a pair of horns on your head.


Message History

You feel sick.
Read which item? (? for menu, Esc to quit)
As you read the scroll of teleportation, it crumbles to dust.
You feel strangely unstable.
You feel the power of the Abyss delaying your translocation!
You feel sick. The lich touches you.
* * * LOW HITPOINT WARNING * * *
The lich touches you but does no damage.
You feel sick. The lich casts a spell at you.
The bolt of negative energy hits you! You partially resist.
You feel drained.
* * * LOW HITPOINT WARNING * * *
You feel sick.
The lich touches you but does no damage.
You feel sick.
You feel sick.
The lich gestures at you while chanting.
The poison arrow hits you!
You are more poisoned.
You die...

#..##...#§#.#
#...... # #.##
##§..S..#.##.#
####.#.#...###
###.#.#.#.####
..#....##..#.## ..
......##..#.# .#.
.........S#..##.....
.........t#.@..#.
.#.#.#..#L.##..# ..
####..### .#..# .
....# .. #..# .#.###
#.# #. #.## .. ...
..#


You could see a lich.

Vanquished Creatures
  A great orb of eyes (Abyss:2)
  3 hydras
  4 death yaks (Lair:6)
  A vampire mage (Abyss:2)
  A griffon (Lair:6)
  The ghost of Kloppie the Cudgeler, a novice HuFi of Okawaru (D:6)
  6 elephants (Lair:5)
  5 black mambas
  A torpor snail (Lair:5)
  11 spiny frogs
  2 rime drakes
  4 komodo dragons
  4 jumping spiders (Lair:5)
  2 polar bears (Lair:6)
  Grinder (D:5)
  A two-headed ogre (D:9)
  19 blink frogs
  Sigmund (D:6)
  2 redbacks (Lair:5)
  A spriggan (D:7)
  2 wyverns (Lair:6)
  14 yaks
  4 small abominations (Abyss:2)
  Menkaure (D:5)
  Edmund (D:4)
  4 hippogriffs
  7 water moccasins
  Duvessa (D:5)
  9 porcupines
  An ice beast (D:9)
  2 black bears
  3 sky beasts
  A phantom (D:9)
  An orc warrior (D:8)
  4 ogres
  2 necrophages
  A centaur (D:6)
  10 wolves
  13 crocodiles
  3 big kobolds
  15 giant frogs
  A wyvern zombie (D:9)
  2 scorpions
  Dowan (D:5)
  3 killer bees (D:8)
  2 howler monkeys
  7 crimson imps
  2 quasits
  2 centaur zombies
  2 jellies (D:7)
  2 centaur skeletons
  5 hounds
  3 orc priests
  3 orc wizards
  Crazy Yiuf (D:6)
  2 giant frog skeletons
  6 iguanas
  6 worker ants
  A killer bee zombie (D:8)
  19 sheep
  A hound zombie (D:8)
  7 gnolls
  17 adders
  A howler monkey skeleton (D:5)
  27 river rats
  4 shadow imps
  2 oozes
  2 adder skeletons
  A worm (D:2)
  4 dart slugs
  3 giant geckos
  23 orcs
  3 ball pythons
  12 giant cockroaches
  15 goblins
  4 hobgoblins
  10 jackals
  2 quokkas
  9 bats
  A giant gecko skeleton (D:7)
  8 giant newts
  12 kobolds
  A quokka skeleton (D:5)
  3 rats
  A bush (D:6)
413 creatures vanquished.

Vanquished Creatures (collateral kills)
  A jumping spider (Lair:5)
  2 redbacks (Lair:5)
3 creatures vanquished.

Vanquished Creatures (others)
  A bush (Lair:5)
  4 fungi
  2 lurking horrors (Abyss:2)
7 creatures vanquished.

Grand Total: 423 creatures vanquished

Notes
Turn   | Place    | Note
--------------------------------------------------------------
     0 | D:1      | Kloppie the Minotaur Berserker began the quest for the Orb.
     0 | D:1      | Reached XP level 1. HP: 19/19 MP: 0/0
   187 | D:1      | Reached XP level 2. HP: 26/26 MP: 1/1
   443 | D:1      | Reached skill level 5 in Maces & Flails
   453 | D:1      | Reached ** piety under Trog
   532 | D:1      | Reached XP level 3. HP: 27/31 MP: 2/2
   955 | D:2      | Reached XP level 4. HP: 30/39 MP: 3/3
  1872 | D:3      | Found a radiant altar of Vehumet.
  1935 | D:3      | Found a faded altar to an unknown god.
  2015 | D:3      | Reached *** piety under Trog
  2196 | D:3      | Reached XP level 5. HP: 41/45 MP: 4/4
  2259 | D:3      | Found a shimmering altar of Xom.
  2310 | D:3      | Reached XP level 6. HP: 41/51 MP: 5/5
  2460 | D:4      | Found a stormy altar of Qazlal.
  2476 | D:4      | Noticed Edmund
  2482 | D:4      | Killed Edmund
  3187 | D:4      | Reached XP level 7. HP: 53/57 MP: 6/6
  3257 | D:5      | Entered Level 5 of the Dungeon
  3263 | D:4      | Reached skill level 10 in Maces & Flails
  3366 | D:5      | Noticed Menkaure
  3383 | D:5      | Killed Menkaure
  3487 | D:5      | Reached XP level 8. HP: 53/64 MP: 7/7
  3536 | D:5      | Noticed Dowan
  3538 | D:5      | Noticed Duvessa
  3545 | D:5      | Killed Dowan
  3549 | D:5      | Killed Duvessa
  3647 | D:5      | Found a staircase to the Ecumenical Temple.
  3854 | D:5      | Reached **** piety under Trog
  3875 | D:5      | Noticed Grinder
  3885 | D:5      | Killed Grinder
  4178 | D:6      | Noticed Sigmund
  4185 | D:6      | Killed Sigmund
  4212 | D:6      | Reached XP level 9. HP: 55/70 MP: 8/8
  4305 | D:6      | Found an ancient bone altar of Kikubaaqudgha.
  4435 | D:6      | Found an oddly glowing altar of Pakellas.
  4587 | D:6      | Noticed Kloppie's ghost (novice HuFi)
  4604 | D:6      | Killed Kloppie's ghost
  4604 | D:6      | Reached skill level 5 in Fighting
  4758 | D:6      | Reached skill level 5 in Armour
  4827 | D:6      | Identified a scroll of acquirement
  5093 | D:6      | Found a shattered altar of Ashenzari.
  5181 | D:6      | Noticed Crazy Yiuf
  5185 | D:6      | Killed Crazy Yiuf
  5307 | D:7      | Found a flagged portal.
  5314 | Bailey   | Entered a bailey
  5917 | D:7      | Found a sacrificial altar of Ru.
  6223 | D:8      | Found a deep blue altar of Sif Muna.
  6229 | D:8      | Reached XP level 10. HP: 79/88 MP: 9/9
  6284 | D:8      | Reached ***** piety under Trog
  6708 | D:9      | Found a staircase to the Lair.
  6766 | D:9      | Found Wimar's Armour Shoppe.
  7282 | D:9      | Reached skill level 10 in Fighting
  7292 | Lair:1   | Entered Level 1 of the Lair of Beasts
  7454 | Lair:1   | Reached skill level 10 in Armour
  7699 | Lair:1   | Noticed an oklob plant
  7959 | Lair:1   | Reached XP level 11. HP: 66/101 MP: 10/10
  8780 | Lair:2   | Received a gift from Trog
 10001 | Lair:3   | Noticed an eight-headed hydra
 10011 | Lair:3   | Killed an eight-headed hydra
 10673 | Lair:3   | Noticed a seven-headed hydra
 10680 | Lair:3   | Killed a seven-headed hydra
 10680 | Lair:3   | Reached XP level 12. HP: 78/115 MP: 11/11
 11270 | Lair:4   | Found an oddly glowing altar of Pakellas.
 11421 | Lair:4   | Reached skill level 15 in Maces & Flails
 11890 | Lair:5   | Noticed a six-headed hydra
 11897 | Lair:5   | Killed a six-headed hydra
 12006 | Lair:5   | Reached skill level 15 in Fighting
 12193 | Lair:5   | Found a hole to the Spider Nest.
 12739 | Lair:5   | Reached XP level 13. HP: 127/127 MP: 12/12
 12966 | Lair:5   | Reached ****** piety under Trog
 13222 | Lair:6   | Received a gift from Trog
 13464 | Lair:6   | Cast into level 2 of the Abyss (merfolk)
 13464 | Abyss:2  | Found a corrupted altar of Lugonu.
 13572 | Abyss:2  | HP: 1/128 [raiju/living lightning[a giant orange brain] (20)]
 13931 | Abyss:2  | Noticed a lich
 13940 | Abyss:2  | Killed from afar by a lich

Skill      XL: |  1  2  3  4  5  6  7  8  9 10 11 12 13 |
---------------+----------------------------------------+-----
Maces & Flails | 4 5 7 8 9 11 13 14 16 | 16.9
Fighting       | 7 10 13 15 16 | 16.3
Armour         | 7 10 12 | 12.4
Dodging        | 3 |  3.7

Action                   |  1- 3 |  4- 6 |  7- 9 | 10-12 | 13-15 || total
-------------------------+-------+-------+-------+-------+-------++-------
Melee: Mace              |    53 |    65 |       |       |       ||   118
       Headbutt          |     9 |    26 |    51 |   170 |    50 ||   306
       Flail             |       |    80 |   162 |       |       ||   242
       Dire flail        |       |       |    99 |   679 |   162 ||   940
Invok: Berserk           |       |     1 |     3 |     1 |     1 ||     6
       Trog's Hand       |       |       |     7 |     4 |     3 ||    14
       Brothers in Arms  |       |       |       |     1 |       ||     1
  Use: Scroll            |       |       |    20 |     7 |     6 ||    33
       Potion            |       |       |     3 |     3 |     8 ||    14
 Stab: Sleeping          |     3 |     2 |       |       |       ||     5
  Eat: Chunk             |       |     8 |    14 |    18 |     4 ||    44
       Royal jelly       |       |       |       |     2 |       ||     2
       Meat ration       |       |       |       |       |     1 ||     1
Armor: Animal skin       |     8 |    13 |       |       |       ||    21
       Scale mail        |       |    28 |    62 |       |       ||    90
       Plate armour      |       |       |    17 |   391 |   123 ||   531
Dodge: Dodged            |    35 |    80 |   125 |   255 |    67 ||   562
Block: Other             |       |       |       |     7 |    11 ||    18
